 Dungeon Crawl Stone Soup version 0.24-a0-513-g284f782 (webtiles) character file.

Game seed: 14251489561540379704

543 420StarChild the Digger (level 6, -4/45 HPs)
             Began as a Demigod Earth Elementalist on July 20, 2019.
             Killed from afar by an orc wizard (6 damage)
             ... with a magic dart
             ... on level 4 of the Dungeon.
             The game lasted 00:08:29 (3432 turns).

420StarChild the Digger (DgEE)                      Turns: 3432, Time: 00:08:30

Health: -4/45      AC:  4    Str: 11    XL:     6   Next: 77%
Magic:  1/12       EV: 14    Int: 21    God:
Gold:   101        SH:  0    Dex: 18    Spells: 5/9 levels left

rFire    . . .     SeeInvis .   s - +0 morningstar
rCold    . . .     Gourm    .   (no shield)
rNeg     . . .     Faith    .   c - +0 robe
rPois    .         Spirit   .   n - +2 hat
rElec    .         Reflect  .   (no cloak)
rCorr    .         Harm     .   (no gloves)
MR       .....                  (no boots)
Stlth    +.........             m - amulet of regeneration
HPRegen  0.55/turn              (no ring)
MPRegen  0.13/turn              (no ring)

@: very slow
A: high mp 1
a: no special abilities


You were on level 4 of the Dungeon.
You were not hungry.

You visited 1 branch of the dungeon, and saw 4 of its levels.

You collected 101 gold pieces.

Inventory:

Hand Weapons
 s - a +0 morningstar (weapon)
Missiles
 b - 35 stones (quivered)
Armour
 a - a +1 helmet
 c - a +0 robe (worn)
 e - a +0 ring mail
 n - a +2 hat (worn)
Jewellery
 m - an amulet of regeneration (around neck)
Scrolls
 f - 2 scrolls of teleportation
 g - a scroll of blinking
 h - a scroll of fog {unknown}
 i - a scroll of enchant weapon {unknown}
 k - 2 scrolls of remove curse {unknown}
 o - a scroll of magic mapping {unknown}
 p - a scroll of immolation {unknown}
 q - a scroll of enchant armour
Potions
 l - a potion of cancellation
 r - a potion of haste
Comestibles
 d - 6 rations
 j - 2 chunks of flesh


   Skills:
 - Level 4.0 Dodging
 - Level 1.7 Stealth
 + Level 2.4 Spellcasting
   Level 0.8 Transmutations
 + Level 6.1 Earth Magic


You had 5 spell levels left.
You knew the following spells:

 Your Spells              Type           Power        Failure   Level  Hunger
a - Sandblast             Erth           ####..       1%          1    None
b - Stone Arrow           Conj/Erth      ###...       12%         3    ###....

Your spell library contained the following spells:

 Spells                   Type           Power        Failure   Level  Hunger
 Passwall                 Tmut/Erth      ###.....     4%          2    ##.....
 Confusing Touch          Hex            #.....       14%         1    None
 Lee's Rapid Deconstruct  Erth           ####......   30%         5    ######.
 Petrify                  Tmut/Erth      ###.....     32%         4    ####...
 Confuse                  Hex            #.......     38%         3    ###....
 Gell's Gravitas          Tloc           #.........   38%         3    ###....
 Yara's Violent Unravell  Hex/Tmut       #.........   97%         5    ######.
 Metabolic Englaciation   Hex/Ice        #.........   98%         5    ######.


Dungeon Overview and Level Annotations

Branches:
Dungeon (4/15)
 Temple: D:4-7

Portals:
Sewer: D:4


Innate Abilities, Weirdness & Mutations

You have an increased reservoir of magic. (+10% MP)


Message History

Your unstable footing causes you to fumble your attack.
Something hits you but does no damage.
Your unstable footing causes you to fumble your attack.
You hear the rusting of a drain.
You hear some strange, mumbled words.
A puff of flame appears from out of thin air!
The puff of flame hits you!
You hear some strange, mumbled words.
A magic dart appears from out of thin air!
The magic dart hits you!
* * * LOW HITPOINT WARNING * * *
Your unstable footing causes you to fumble your attack.
You are engulfed in a cloud of scalding steam.
* * * LOW HITPOINT WARNING * * *
Something hits you.
* * * LOW HITPOINT WARNING * * *
You hear some strange, mumbled words.
A magic dart appears from out of thin air!
The magic dart hits you.
You die...

############.##.........
..##..###... #####.## .
#.†[..# #.###.##
#.###..# #≈≈....#'
#§{≈..... #@≈≈..#..
#≈≈≈≈.#..o #∩≈≈≈≈...##
######..>. ... ..


There were no monsters in sight!

Vanquished Creatures
  2 ogres (D:4)
  2 orc priests (D:3)
  An orc wizard (D:3)
  A worker ant (D:4)
  7 gnolls
  6 adders
  2 river rats (D:4)
  2 oozes
  4 worms
  3 dart slugs
  3 leopard geckos
  9 orcs
  12 bats
  5 giant cockroaches
  5 goblins
  8 hobgoblins
  2 jackals (D:2)
  A quokka (D:2)
  4 ball pythons
  4 frilled lizards
  7 kobolds
  10 rats
100 creatures vanquished.

Notes
Turn   | Place    | Note
-------+----------+-------------------------------------------
     0 | D:1      | 420StarChild the Demigod Earth Elementalist began the quest
                  | for the Orb.
     0 | D:1      | Reached XP level 1. HP: 14/14 MP: 5/5
   169 | D:1      | Reached skill level 3 in Earth Magic
   414 | D:1      | Reached XP level 2. HP: 20/20 MP: 5/7
   994 | D:2      | Reached skill level 4 in Earth Magic
   994 | D:2      | Reached XP level 3. HP: 26/26 MP: 5/8
  1003 | D:2      | Learned a level 3 spell: Stone Arrow
  1422 | D:2      | Reached XP level 4. HP: 33/33 MP: 1/9
  1740 | D:2      | Found a hazy altar of Hepliaklqana.
  1778 | D:2      | Found a stormy altar of Qazlal.
  1782 | D:2      | Found a burning altar of Makhleb.
  1994 | D:2      | Reached skill level 5 in Earth Magic
  2138 | D:3      | Found a shimmering altar of Xom.
  2763 | D:3      | Reached XP level 5. HP: 38/38 MP: 7/10
  2895 | D:3      | Found a sparkling altar of Nemelex Xobeh.
  2948 | D:3      | Reached skill level 6 in Earth Magic
  3010 | D:3      | Found a deep blue altar of Sif Muna.
  3081 | D:3      | Found a glowing golden altar of the Shining One.
  3172 | D:4      | Noticed an ogre
  3176 | D:4      | Killed an ogre
  3176 | D:4      | Reached XP level 6. HP: 45/45 MP: 8/12
  3189 | D:4      | Found a radiant altar of Vehumet.
  3239 | D:4      | Found a snail-covered altar of Cheibriados.
  3387 | D:4      | Found a glowing drain.
  3431 | D:4      | HP: 2/45 [something (9)]
  3432 | D:4      | Killed from afar by an orc wizard

Levels and vault maps discovered:
D:1:      dpeg_arrival_snail, layout_loops_ring
D:2:      layout_loops_ring, lemuel_doored_altar, minitemple
D:3:      layout_rooms, lemuel_coloured_pillars_altar, tso_altar,
          xom_teletrap_fun, tgw_sif
D:4:      layout_basic, lemuel_crystal_altar, overflow_temple_1_default,
          minmay_temple_entry_proselytizer, portal_sewer_entry_b,
          guppyfry_shop_venom

Skill      XL: |  1  2  3  4  5  6 |
---------------+-------------------+-----
Earth Magic    | 3 4 5 6 |  6.1
Dodging        | 2 4 |  4.0
Spellcasting   | 2 |  2.4
Stealth        | |  1.7
Transmutations | |  0.8

Action                   |  1- 3 |  4- 6 || total
-------------------------+-------+-------++-------
Melee: Unarmed           |    27 |    34 ||    61
       Morningstar       |       |    32 ||    32
 Cast: Sandblast         |    51 |    60 ||   111
       Stone Arrow       |     6 |    22 ||    28
  Use: Scroll            |       |     6 ||     6
  Eat: Chunk             |     3 |     9 ||    12
Armor: Robe              |    10 |    23 ||    33
Dodge: Dodged            |    25 |    59 ||    84

Table legend:
 A = Non-vault XP
 B = Vault XP
 C = Vault XP percentage of total XP
 D = Non-vault monster count
 E = Vault monster count
 F = Vault count percentage of total count
                 A         B        C        D         E       F
            +---------+---------+-------+---------+---------+-------
      Total |     705 |      71 |   9.1 |      92 |       8 |   8.0
            +---------+---------+-------+---------+---------+-------
        D:1 |      44 |       0 |   0.0 |      25 |       0 |   0.0
        D:2 |      96 |       0 |   0.0 |      23 |       0 |   0.0
        D:3 |     185 |      35 |  15.9 |      27 |       1 |   3.6
        D:4 |     380 |      36 |   8.7 |      17 |       7 |  29.2
            +---------+---------+-------+---------+---------+-------
